TOP OF THE 1ST |
Kansas City Royals batting - Pitching for Minnesota Twins : LHP Steve Trout
|
Pitching: LHP Steve Trout
|
|
Batting: LHB Rick Manning
|
0-0: Ball 1-0: Ball 2-0: Bunted foul 2-1: Foul Ball, location: 2F 2-2: Fly out, F6 (Flyball, 6D, EV 76.3 MPH)
|
Batting: RHB Rickey Henderson
|
0-0: Called Strike 0-1: Ball 1-1: Ball 2-1: Foul Ball, location: 2F 2-2: Ball 3-2: Base on Balls
|
Batting: RHB Bob Horner
|
0-0: Ball Rickey Henderson is caught stealing 2nd base 2-4 1-0: Fly out, F7 (Flyball, 7LD, EV 94.4 MPH)
|
Top of the 1st over - 0 runs, 0 hits, 0 errors, 0 left on base; Kansas City 0 - Minnesota 0 |
BOTTOM OF THE 1ST |
Minnesota Twins batting - Pitching for Kansas City Royals : LHP Britt Burns
|
Pitching: LHP Britt Burns
|
|
Batting: RHB Lee Lacy
|
0-0: Called Strike 0-1: Ball 1-1: Swinging Strike 1-2: Foul Ball, location: 2F 1-2: Fly out, F9 (Flyball, 9D, EV 105.0 MPH)
|
Batting: RHB Tom Brown
|
0-0: SINGLE (Groundball, 34D, EV 107.5 MPH)
|
Batting: RHB Steve Brye
|
0-0: SINGLE (Groundball, 6MD, EV 95.0 MPH) Tom Brown to second Runner from 2nd tries for 3rd, SAFE, throw by CF made to third
|
Batting: RHB Randy Edwards
|
0-0: Called Strike 0-1: Foul Ball, location: 2F 0-2: Grounds into double play, 5-4-3 (Groundball, 56, EV 92.5 MPH)
|
Bottom of the 1st over - 0 runs, 2 hits, 0 errors, 1 left on base; Kansas City 0 - Minnesota 0 |
TOP OF THE 2ND |
Kansas City Royals batting - Pitching for Minnesota Twins : LHP Steve Trout
|
Batting: LHB Alvin Davis
|
0-0: Ball 1-0: Called Strike 1-1: Ball 2-1: Ball 3-1: Called Strike 3-2: Base on Balls
|
Batting: RHB Gary Carter
|
0-0: Ball 1-0: Ball 2-0: Called Strike 2-1: Foul Ball, location: 2F 2-2: Ball 3-2: DOUBLE (Groundball, 5L, EV 93.8 MPH) Alvin Davis to third Alvin Davis scores
|
Batting: RHB Jeffrey Leonard
|
0-0: Fly out, F7 (Flyball, 7LM, EV 88.8 MPH)
|
Batting: RHB Adrian Monrreal
|
0-0: Ball 1-0: Ball 2-0: Ground out 6-3 (Groundball, 6, EV 83.1 MPH)
|
Batting: LHB Jim Eisenreich
|
0-0: Ball 1-0: Swinging Strike 1-1: Called Strike 1-2: Fly out, F8 (Line Drive, 8LD, EV 88.8 MPH)
|
Top of the 2nd over - 1 run, 1 hit, 0 errors, 1 left on base; Kansas City 1 - Minnesota 0 |
BOTTOM OF THE 2ND |
Minnesota Twins batting - Pitching for Kansas City Royals : LHP Britt Burns
|
Batting: RHB Larry Hisle
|
0-0: Ball 1-0: Fly out, F6 (Popup, 6M, EV 60.0 MPH)
|
Batting: RHB George Foster
|
0-0: Ball 1-0: Foul Ball, location: 2F 1-1: Swinging Strike 1-2: Ball 2-2: Strikes out swinging
|
Batting: RHB Chet Lemon
|
0-0: Ball 1-0: Fly out, F8 (Flyball, 8LD, EV 103.8 MPH)
|
Bottom of the 2nd over - 0 runs, 0 hits, 0 errors, 0 left on base; Kansas City 1 - Minnesota 0 |
TOP OF THE 3RD |
Kansas City Royals batting - Pitching for Minnesota Twins : LHP Steve Trout
|
Batting: RHB Lloyd McClendon
|
0-0: Called Strike 0-1: Foul Ball, location: 2F 0-2: Hit by Pitch
|
Batting: LHB Rick Manning
|
0-0: Called Strike 0-1: Called Strike 0-2: Ball 1-2: Ball 2-2: Ball 3-2: SINGLE (Groundball, 34D, EV 107.5 MPH) Lloyd McClendon to second Runner from 2nd tries for 3rd, SAFE, no throw by RF
|
Batting: RHB Rickey Henderson
|
0-0: Called Strike 0-1: Ball 1-1: Ball 2-1: Fly out, F7 (Flyball, 7D, EV 107.5 MPH) Runner from 3rd tags up, OUT at HOME! 7-2 Rick Manning to second
|
Batting: RHB Bob Horner
|
0-0: Fly out, F8 (Flyball, 89XD, EV 105.6 MPH)
|
Top of the 3rd over - 0 runs, 1 hit, 0 errors, 1 left on base; Kansas City 1 - Minnesota 0 |
BOTTOM OF THE 3RD |
Minnesota Twins batting - Pitching for Kansas City Royals : LHP Britt Burns
|
Batting: RHB Brook Jacoby
|
0-0: Called Strike 0-1: Swinging Strike 0-2: Ball 1-2: Ground out 5-3 (Groundball, 56, EV 101.9 MPH)
|
Batting: LHB Ken Oberkfell
|
0-0: Ball 1-0: Foul Ball, location: 2F 1-1: Called Strike 1-2: Ball 2-2: Foul Ball, location: 2F 2-2: Ground out 6-3 (Groundball, 6D, EV 103.8 MPH)
|
Batting: RHB Lee Lacy
|
0-0: Ball 1-0: Ball 2-0: Ball 3-0: Base on Balls
|
Batting: RHB Tom Brown
|
0-0: Ball 1-0: Called Strike 1-1: Called Strike 1-2: Ball Lee Lacy steals 2nd base 2-2: Ball 3-2: Ground out 5-3 (Groundball, 56S, EV 92.5 MPH)
|
Bottom of the 3rd over - 0 runs, 0 hits, 0 errors, 1 left on base; Kansas City 1 - Minnesota 0 |
TOP OF THE 4TH |
Kansas City Royals batting - Pitching for Minnesota Twins : LHP Steve Trout
|
Batting: LHB Alvin Davis
|
0-0: Ball 1-0: Fly out, F2 (Popup, 25F, EV 90.0 MPH)
|
Batting: RHB Gary Carter
|
0-0: Ball 1-0: Swinging Strike 1-1: Called Strike 1-2: Foul Ball, location: 2F 1-2: Strikes out swinging
|
Batting: RHB Jeffrey Leonard
|
0-0: Ball 1-0: Fly out, F8 (Line Drive, 8LD, EV 93.8 MPH)
|
Top of the 4th over - 0 runs, 0 hits, 0 errors, 0 left on base; Kansas City 1 - Minnesota 0 |
BOTTOM OF THE 4TH |
Minnesota Twins batting - Pitching for Kansas City Royals : LHP Britt Burns
|
Batting: RHB Steve Brye
|
0-0: Swinging Strike 0-1: Ball 1-1: Ball 2-1: Foul Ball, location: 2F 2-2: Ball 3-2: DOUBLE (Line Drive, 9LM, EV 109.4 MPH)
|
Batting: RHB Randy Edwards
|
0-0: Ball 1-0: Ball 2-0: Foul Ball, location: 2F 2-1: Swinging Strike 2-2: Foul Ball, location: 2F 2-2: Ball 3-2: SINGLE (Groundball, 6MD, EV 105.0 MPH) Steve Brye to third Runner from 3rd tries for Home, SAFE, throw by CF to home Randy Edwards to second
|
Batting: RHB Larry Hisle
|
0-0: Ball 1-0: DOUBLE (Line Drive, 7LS, EV 91.9 MPH) Randy Edwards scores
|
Batting: RHB George Foster
|
0-0: Ball 1-0: Swinging Strike 1-1: Ball 2-1: Ball 3-1: Base on Balls
|
Batting: RHB Chet Lemon
|
0-0: Ball 1-0: Ball 2-0: Ball 3-0: Base on Balls Larry Hisle to third George Foster to second
|
Batting: RHB Brook Jacoby
|
0-0: Called Strike 0-1: Foul Ball, location: 2F 0-2: Ball 1-2: Strikes out swinging
|
Batting: LHB Ken Oberkfell
|
0-0: Foul Ball, location: 2F 0-1: Foul Ball, location: 2F 0-2: Ball 1-2: Ball Wild Pitch! Larry Hisle scores George Foster to third Chet Lemon to second 2-2: Ground out 5-3 (Groundball, 5, EV 107.5 MPH)
|
Batting: RHB Lee Lacy
|
0-0: Ball Wild Pitch! George Foster scores Chet Lemon to third 1-0: SINGLE (Line Drive, 4MD, EV 98.8 MPH) Chet Lemon scores
|
Batting: RHB Tom Brown
|
0-0: Ball 1-0: Ball 2-0: Called Strike 2-1: Foul Ball, location: 2F 2-2: Fielders Choice at 2nd, 6-4 (Groundball, 6, EV 90.6 MPH)
|
Bottom of the 4th over - 5 runs, 4 hits, 0 errors, 1 left on base; Kansas City 1 - Minnesota 5 |
TOP OF THE 5TH |
Kansas City Royals batting - Pitching for Minnesota Twins : LHP Steve Trout
|
Batting: RHB Adrian Monrreal
|
0-0: Called Strike 0-1: Ball 1-1: Fly out, F8 (Flyball, 8RD, EV 108.8 MPH)
|
Batting: LHB Jim Eisenreich
|
0-0: Called Strike 0-1: Ball 1-1: Fly out, F5 (Line Drive, 5, EV 66.9 MPH)
|
Batting: RHB Lloyd McClendon
|
0-0: Foul Ball, location: 2F 0-1: Ball 1-1: Swinging Strike 1-2: Foul Ball, location: 2F 1-2: Fly out, F8 (Line Drive, 8RM, EV 97.5 MPH)
|
Top of the 5th over - 0 runs, 0 hits, 0 errors, 0 left on base; Kansas City 1 - Minnesota 5 |
BOTTOM OF THE 5TH |
Minnesota Twins batting - Pitching for Kansas City Royals : LHP Britt Burns
|
Batting: RHB Steve Brye
|
0-0: SINGLE (Groundball, 34D, EV 108.8 MPH)
|
Batting: RHB Randy Edwards
|
0-0: Ball 1-0: Grounds into double play, 5-4-3 (Groundball, 56, EV 81.9 MPH)
|
Batting: RHB Larry Hisle
|
0-0: Called Strike 0-1: Ball 1-1: Ball 2-1: Foul Ball, location: 2F 2-2: Strikes out swinging
|
Bottom of the 5th over - 0 runs, 1 hit, 0 errors, 0 left on base; Kansas City 1 - Minnesota 5 |
TOP OF THE 6TH |
Kansas City Royals batting - Pitching for Minnesota Twins : LHP Steve Trout
|
Batting: LHB Rick Manning
|
0-0: Called Strike 0-1: Called Strike 0-2: Ball 1-2: Foul Ball, location: 2F 1-2: Ground out 5-3 (Groundball, 56, EV 84.4 MPH)
|
Batting: RHB Rickey Henderson
|
0-0: Ball 1-0: Ball 2-0: Swinging Strike 2-1: Ball 3-1: Base on Balls
|
Batting: RHB Bob Horner
|
0-0: Ball 1-0: Swinging Strike 1-1: Called Strike 1-2: Foul Ball, location: 2F 1-2: Ball 2-2: Ball 3-2: SINGLE (Groundball, 5D, EV 106.3 MPH) Rickey Henderson to second
|
Batting: LHB Alvin Davis
|
0-0: Foul Ball, location: 2F 0-1: Ball 1-1: Called Strike 1-2: Fly out, F8 (Line Drive, 8RD, EV 89.4 MPH)
|
Batting: RHB Gary Carter
|
0-0: Foul Ball, location: 2F 0-1: SINGLE (Line Drive, 6D, EV 98.8 MPH) Rickey Henderson to third Bob Horner to second Runner from 3rd tries for Home, SAFE, throw by CF to home
|
Batting: RHB Jeffrey Leonard
|
0-0: Called Strike 0-1: SINGLE (Line Drive, 8RS, EV 104.4 MPH) Bob Horner to third Gary Carter to second Runner from 3rd tries for Home, SAFE, throw by CF to home
|
Batting: RHB Adrian Monrreal
|
0-0: Ball Wild Pitch! Gary Carter to third Jeffrey Leonard to second 1-0: Foul Ball, location: 2F 1-1: Ball 2-1: Ball 3-1: Ground out 6-3 (Groundball, 6, EV 83.1 MPH)
|
Top of the 6th over - 2 runs, 3 hits, 0 errors, 2 left on base; Kansas City 3 - Minnesota 5 |
BOTTOM OF THE 6TH |
Minnesota Twins batting - Pitching for Kansas City Royals : LHP Britt Burns
|
Batting: RHB George Foster
|
0-0: Ball 1-0: Called Strike 1-1: Foul Ball, location: 2F 1-2: Fly out, F6 (Line Drive, 6, EV 74.4 MPH)
|
Batting: RHB Chet Lemon
|
0-0: Called Strike 0-1: Called Strike 0-2: Ground out 4-3 (Groundball, 4MS, EV 85.0 MPH)
|
Batting: RHB Brook Jacoby
|
0-0: Called Strike 0-1: Ball 1-1: Swinging Strike 1-2: Foul Ball, location: 2F 1-2: Ball 2-2: Ball 3-2: Strikes out swinging
|
Bottom of the 6th over - 0 runs, 0 hits, 0 errors, 0 left on base; Kansas City 3 - Minnesota 5 |
TOP OF THE 7TH |
Kansas City Royals batting - Pitching for Minnesota Twins : LHP Steve Trout
|
Batting: LHB Jim Eisenreich
|
0-0: Ball 1-0: Ball 2-0: Ball 3-0: Foul Ball, location: 2F 3-1: Foul Ball, location: 2F 3-2: Foul Ball, location: 2F 3-2: Strikes out swinging
|
Pitching: RHP Mark Fidrych
|
|
Batting: RHB Lloyd McClendon
|
0-0: Ball 1-0: Ball 2-0: Swinging Strike 2-1: Called Strike 2-2: Fly out, F8 (Flyball, 8LD, EV 94.4 MPH)
|
Batting: LHB Rick Manning
|
0-0: Ball 1-0: Ball 2-0: Foul Ball, location: 2F 2-1: Foul Ball, location: 2F 2-2: Foul Ball, location: 2F 2-2: Strikes out looking
|
Top of the 7th over - 0 runs, 0 hits, 0 errors, 0 left on base; Kansas City 3 - Minnesota 5 |
BOTTOM OF THE 7TH |
Minnesota Twins batting - Pitching for Kansas City Royals : LHP Britt Burns
|
Pitching: RHP Orel Hershiser
|
|
Batting: LHB Ken Oberkfell
|
0-0: Ball 1-0: Swinging Strike 1-1: Ball 2-1: Ground out 1-3 (Groundball, 13S, EV 60.6 MPH)
|
Batting: RHB Lee Lacy
|
0-0: Ball 1-0: Called Strike 1-1: Ball 2-1: Ground out 6-3 (Groundball, 6S, EV 77.5 MPH)
|
Batting: RHB Tom Brown
|
0-0: Ball 1-0: Called Strike 1-1: Ball 2-1: Ball 3-1: Base on Balls
|
Batting: RHB Steve Brye
|
0-0: Ball 1-0: Foul Ball, location: 2F 1-1: Called Strike 1-2: Strikes out looking
|
Bottom of the 7th over - 0 runs, 0 hits, 0 errors, 1 left on base; Kansas City 3 - Minnesota 5 |
TOP OF THE 8TH |
Kansas City Royals batting - Pitching for Minnesota Twins : RHP Mark Fidrych
|
Now at 2B: Taylor Duncan
|
|
Batting: RHB Rickey Henderson
|
0-0: Called Strike 0-1: Ball 1-1: Foul Ball, location: 2F 1-2: Fly out, F3 (Popup, 34, EV 65.0 MPH)
|
Batting: RHB Bob Horner
|
0-0: Called Strike 0-1: Called Strike 0-2: Ball 1-2: Strikes out swinging
|
Batting: LHB Alvin Davis
|
0-0: Ball 1-0: Foul Ball, location: 2F 1-1: Swinging Strike 1-2: SINGLE (Groundball, 34D, EV 97.5 MPH)
|
Batting: RHB Gary Carter
|
0-0: Called Strike 0-1: Ball 1-1: Ball 2-1: Swinging Strike 2-2: Strikes out swinging
|
Top of the 8th over - 0 runs, 1 hit, 0 errors, 1 left on base; Kansas City 3 - Minnesota 5 |
BOTTOM OF THE 8TH |
Minnesota Twins batting - Pitching for Kansas City Royals : RHP Orel Hershiser
|
Batting: RHB Randy Edwards
|
0-0: Ball 1-0: Called Strike 1-1: Ball 2-1: SINGLE (Groundball, 3D, EV 110.6 MPH)
|
Batting: RHB Larry Hisle
|
0-0: Called Strike 0-1: Ball 1-1: Foul Ball, location: 2F 1-2: Fly out, F5 (Flyball, 56D, EV 86.3 MPH)
|
Batting: RHB George Foster
|
0-0: Called Strike 0-1: Grounds into double play, 5-4-3 (Groundball, 56S, EV 88.1 MPH)
|
Bottom of the 8th over - 0 runs, 1 hit, 0 errors, 0 left on base; Kansas City 3 - Minnesota 5 |
TOP OF THE 9TH |
Kansas City Royals batting - Pitching for Minnesota Twins : RHP Mark Fidrych
|
Now at 2B: Tony Bernazard
|
|
Batting: RHB Jeffrey Leonard
|
0-0: Called Strike 0-1: Called Strike 0-2: Ball 1-2: Foul Ball, location: 2F 1-2: Foul Ball, location: 2F 1-2: Strikes out looking
|
Batting: RHB Adrian Monrreal
|
0-0: SINGLE (Groundball, 6D, EV 94.4 MPH)
|
Batting: LHB Jim Eisenreich
|
0-0: Called Strike 0-1: Ball 1-1: Ball 2-1: Fly out, F7 (Flyball, 78S, EV 91.3 MPH)
|
Pinch Hitting: LHB Gene Richards
|
0-0: Ball 1-0: Called Strike 1-1: Swinging Strike 1-2: SINGLE (Line Drive, 9S, EV 93.8 MPH) Adrian Monrreal to second
|
Pitching: RHP Scott Brown
|
|
Batting: LHB Rick Manning
|
0-0: Called Strike 0-1: Called Strike 0-2: Ball 1-2: Ball 2-2: Foul Ball, location: 2F 2-2: Ball 3-2: Base on Balls Adrian Monrreal to third Gene Richards to second
|
Batting: RHB Rickey Henderson
|
0-0: Called Strike 0-1: Swinging Strike 0-2: Ball 1-2: Fly out, F7 (Flyball, 7, EV 81.9 MPH)
|
Top of the 9th over - 0 runs, 2 hits, 0 errors, 3 left on base; Kansas City 3 - Minnesota 5 |
|